 Dungeon Sprint DCSS version 0.19-a0-1401-g902f63d (webtiles) character file.

1476 Leszczynek the Thrower (level 8, 0/130 HPs)
             Began as an Ogre Hunter on Sept 4, 2016.
             Slain by a polar bear (3 damage)
             ... in the Dungeon (Sprint II: "The Violet Keep of Menkaure").
             The game lasted 00:08:02 (914 turns).

Leszczynek the Thrower (Ogre Hunter)                 Turns: 914, Time: 00:08:02

Health: 0/130      AC:  7    Str: 23    XL:     8   Next: 78%
Magic:  8/8        EV: 10    Int: 10    God:
Gold:   356        SH:  0    Dex: 12    Spells: 0 memorised, 7 levels left

rFire  . . .     SeeInvis .     q - +11 bardiche of Xom's Condemnation {chop, Stlth+}
rCold  . . .     Gourm    .     n - +2 robe
rNeg   . . .     Faith    .     (shield currently unavailable)
rPois  .         Spirit   .     (helmet restricted)
rElec  .         Dismiss  .     (no cloak)
rCorr  .         Reflect  .     (gloves unavailable)
MR     .....     Harm     .     (boots unavailable)
Stlth  .......... NoTele   +    (no amulet)
                                (no ring)
                                o - +2 ring of protection

@: berserking (expiring), very quick
A: unfitting armour, tough skin 1
a: no special abilities


You were in the Dungeon.
You were not hungry.

You visited 1 branch You collected 972 gold pieces.
You spent 616 gold pieces at shops.

Inventory:

Hand Weapons
 a - a +0 short sword
 m - a +0 spear
 q - the +11 bardiche of Xom's Condemnation (weapon) {chop, Stlth+}
   (You bought it in a shop in the Dungeon)

   It inflicts extra damage upon your enemies.
   It makes you more stealthy.
Missiles
 c - 4 large rocks (quivered)
 d - 2 throwing nets
Armour
 n - a +2 robe (worn)
Jewellery
 o - a +2 ring of protection (left hand)
Scrolls
 k - a scroll of blinking
Potions
 b - a potion of agility
 e - 2 potions of curing
 g - a potion of heal wounds
 h - a potion of haste
 i - 2 potions of magic
 l - a potion of lignification
 p - a potion of might {unknown}
Comestibles
 f - a bread ration


   Skills:
 - Level 7.4 Fighting
 + Level 12.5 Polearms
 - Level 13.2 Throwing
 - Level 1.7 Dodging
 - Level 0.7 Stealth


You had 7 spell levels left.
You didn't know any spells.

Dungeon Overview and Level Annotations

Branches:
Dungeon (1/1)

Altars:
Cheibriados
Dithmenos
Elyvilon
Fedhas
Gozag
Hepliaklqana
Kikubaaqudgha
Makhleb
Nemelex Xobeh
Okawaru
Qazlal
Ru
Sif Muna
Trog
Uskayaw
Vehumet
Xom
Yredelemnul
Zin
The Shining One
Beogh
Jiyva
Lugonu

Shops:
D =!:!((}}:==[(?%[

Annotations:
D exclusions: oklob plant and yaktaur captain, Kirke


Innate Abilities, Weirdness & Mutations

You are too large for most types of armour.
You have tough skin. (AC +1)


Message History

You slice the polar bear!!
The polar bear is severely wounded.
The polar bear bites you!
* * * LOW HITPOINT WARNING * * *
The polar bear claws you but does no damage. x2
The polar bear misses you. The polar bear claws you.
* * * LOW HITPOINT WARNING * * *
The polar bear claws you.
* * * LOW HITPOINT WARNING * * *
Unknown command.
You slash the polar bear!
You kill the polar bear!
Your Polearms skill increases to level 12!
The polar bear barely misses you. x3
Unknown command.
Unknown command.
You completely miss the yaktaur. The polar bear bites you.
* * * LOW HITPOINT WARNING * * *
The polar bear claws you.
You die... ..#....# ...# .####..## #..# .# (())) ###.##..# +..# c# !$!$$

##.#.#..# #..# .#▓)![%%
.'###'..####^^##.#▓$($?$
##.#.#....###...##▓▓▓▓▓▓
###.##..§...≈≈≈≈≈≈≈≈≈≈≈≈
#####≈≈.....≈#y########+
..#≈≈≈≈≈≈≈..≈#.h@._...#§
.##≈≈≈§≈≈≈≈.≈#.c._._..#§
##≈≈≈≈≈≈≈§≈≈≈#_._._._.#≈
≈≈≈≈≈≈§≈≈§§≈≈#._._._._#§
+++#≈≈≈§§§≈§≈#.._._._.#§
§≈ #≈≈§###≈≈#..._._._#§
≈≈§≈ #≈≈# #§≈#...._._.#≈
≈§§≈≈+≈§# #§§#....._._#§
§§§≈## ≈≈


You could see a polar bear, a yaktaur and a wasp.

Vanquished Creatures
  A siren (D)
  2 polar bears (D)
  4 neqoxecs (D)
  A vampire mosquito (D)
  A crocodile (D)
  3 worms (D)
12 creatures vanquished.

Vanquished Creatures (others)
  2 hippogriffs (D)
  Menkaure (D)
  A crocodile (D)
4 creatures vanquished.

Grand Total: 16 creatures vanquished

Notes
Turn   | Place    | Note
-------+----------+-------------------------------------------
     0 | D        | Leszczynek the Ogre Hunter began the quest for the Orb.
     0 | D        | Reached XP level 1. HP: 22/22 MP: 1/1
     1 | D        | Noticed a hippogriff
     1 | D        | Noticed a hippogriff
     5 | D        | Noticed a siren
     6 | D        | wait what
    54 | D        | Killed a siren
    54 | D        | Reached skill level 13 in Throwing
    54 | D        | Reached XP level 2. HP: 26/29 MP: 2/2
    54 | D        | Reached XP level 3. HP: 33/36 MP: 3/3
    54 | D        | Reached XP level 4. HP: 40/44 MP: 4/4
    54 | D        | Reached XP level 5. HP: 46/50 MP: 5/5
    54 | D        | Reached XP level 6. HP: 54/59 MP: 6/6
    61 | D        | Found Fuageuvi's Antique Armour Shop.
    61 | D        | Found Sutine's Food Boutique.
    61 | D        | Found Woisch's Antique Armour Shop.
    61 | D        | Found Mugg's Antique Weapon Shop.
    61 | D        | Found Zute's Jewellery Boutique.
    61 | D        | Found Fapu's Jewellery Boutique.
    61 | D        | Found Badahoa's Book Shop.
    65 | D        | Found Zuqosty's Gadget Shop.
    66 | D        | Found Liniq's Gadget Shop.
    66 | D        | Found Xera Tik's Antique Weapon Boutique.
    66 | D        | Noticed a slime creature
    67 | D        | Found Lufakkeyrgh's Magic Scroll Boutique.
    67 | D        | Noticed a slime creature
    68 | D        | Found Juogam's Antique Weapon Shop.
    68 | D        | Found Luci Omo's Distillery.
    68 | D        | Noticed a slime creature
    68 | D        | Noticed an oklob plant
    69 | D        | Found Kysiedgh's Distillery.
    69 | D        | Found Jaewniy's Jewellery Boutique.
    69 | D        | Found Gauja Boxu's Book Shoppe.
    70 | D        | Noticed a soldier ant
    70 | D        | Noticed a soldier ant
    71 | D        | Noticed a soldier ant
    77 | D        | Reached skill level 7 in Fighting
    80 | D        | Bought a glowing robe for 14 gold pieces
   125 | D        | Killed Menkaure
   215 | D        | Killed a hippogriff
   326 | D        | Noticed a hippogriff
   327 | D        | Noticed a hippogriff
   328 | D        | Noticed a hippogriff
   330 | D        | Bought a potion of curing for 33 gold pieces
   330 | D        | Bought a potion of agility for 44 gold pieces
   330 | D        | Bought a potion of lignification for 33 gold pieces
   334 | D        | Bought a +2 ring of protection for 100 gold pieces
   396 | D        | Killed a hippogriff
   542 | D        | Bought a crude bardiche for 392 gold pieces
   542 | D        | Identified the +11 bardiche of Xom's Condemnation {chop, Stlth+} (You bought it in a shop in the Dungeon)
   576 | D        | Noticed an orange crystal statue
   600 | D        | Noticed a centaur warrior
   600 | D        | Noticed Kirke
   600 | D        | Noticed a yaktaur captain
   611 | D        | Noticed a vampire mosquito
   613 | D        | Killed a vampire mosquito
   613 | D        | Reached skill level 4 in Polearms
   613 | D        | Reached XP level 7. HP: 64/78 MP: 7/7
   673 | D        | Noticed a neqoxec
   675 | D        | Killed a neqoxec
   675 | D        | Reached skill level 7 in Polearms
   678 | D        | Noticed a neqoxec
   678 | D        | Noticed a neqoxec
   679 | D        | Noticed a neqoxec
   683 | D        | Killed a neqoxec
   683 | D        | Reached skill level 9 in Polearms
   688 | D        | Killed a neqoxec
   688 | D        | Reached XP level 8. HP: 54/87 MP: 8/8
   692 | D        | Reached skill level 10 in Polearms
   891 | D        | Found a roughly hewn altar of Beogh.
   892 | D        | Found a hazy altar of Hepliaklqana.
   892 | D        | Found a snail-covered altar of Cheibriados.
   893 | D        | Found a stormy altar of Qazlal.
   893 | D        | Found a viscous altar of Jiyva.
   893 | D        | Found a shadowy altar of Dithmenos.
   894 | D        | Found a sacrificial altar of Ru.
   894 | D        | Found an ancient bone altar of Kikubaaqudgha.
   894 | D        | Found a white marble altar of Elyvilon.
   895 | D        | Found a shimmering altar of Xom.
   895 | D        | Found a deep blue altar of Sif Muna.
   895 | D        | Found a corrupted altar of Lugonu.
   896 | D        | Found a basalt altar of Yredelemnul.
   896 | D        | Found a bloodstained altar of Trog.
   896 | D        | Found a burning altar of Makhleb.
   897 | D        | Found a glowing silver altar of Zin.
   897 | D        | Found a hide-covered altar of Uskayaw.
   898 | D        | Found a glowing golden altar of the Shining One.
   898 | D        | Found a radiant altar of Vehumet.
   898 | D        | Noticed a polar bear
   900 | D        | Noticed a polar bear
   900 | D        | Found a blossoming altar of Fedhas.
   900 | D        | Found a sparkling altar of Nemelex Xobeh.
   900 | D        | Noticed a polar bear
   901 | D        | Found an opulent altar of Gozag.
   901 | D        | Found an iron altar of Okawaru.
   903 | D        | Noticed a yaktaur
   905 | D        | Killed a polar bear
   905 | D        | Reached skill level 11 in Polearms
   912 | D        | HP: 10/130 [polar bear (13)]
   913 | D        | Killed a polar bear
   913 | D        | Reached skill level 12 in Polearms
   914 | D        | HP: 3/130 [polar bear (5)]
   914 | D        | Slain by a polar bear

Vault maps used:
D:        the_violet_keep_of_menkaure

Skill      XL: |  1  2  3  4  5  6  7  8 |
---------------+-------------------------+-----
Throwing       | 13 | 13.2
Fighting       | 7 |  7.4
Polearms       | 4 9 12 | 12.5
Dodging        | |  1.7
Stealth        | |  0.7

Action                   |  1- 3 |  4- 6 |  7- 9 || total
-------------------------+-------+-------+-------++-------
Melee: Short sword       |    42 |    27 |       ||    69
       Bardiche          |       |     1 |    18 ||    19
Throw: Large rock        |     5 |     4 |     6 ||    15
       Throwing net      |       |       |     1 ||     1
  Use: Potion            |       |       |     1 ||     1
Armor: Robe              |       |     8 |    14 ||    22
Dodge: Dodged            |     2 |     7 |    15 ||    24
